 Dungeon Crawl Stone Soup version 0.21-a0-421-gfc1ce30 (webtiles) character file.

6 mhoghedin the Vexing (level 1, -1/7 HPs)
             Began as a Felid Enchanter on Nov 4, 2017.
             Slain by a kobold (2 damage)
             ... on level 1 of the Dungeon.
             The game lasted 00:01:06 (162 turns).

mhoghedin the Vexing (Felid Enchanter)               Turns: 162, Time: 00:01:06

Health: -1/7       AC:  1    Str:  4    XL:     1   Next: 75%
Magic:  4/4        EV: 18    Int: 16    God:
Gold:   18         SH:  0    Dex: 16    Spells: 3/4 levels left
                                        Lives:  0   Deaths: 0

rFire    . . .     SeeInvis +     - Unarmed
rCold    . . .     Gourm    .   (shield unavailable)
rNeg     . . .     Faith    .   (armour unavailable)
rPois    .         Spirit   .   (helmet unavailable)
rElec    .         Reflect  .   (cloak unavailable)
rCorr    .         Harm     .   (gloves unavailable)
MR       .....                  (boots unavailable)
Stlth    +++.......             (no amulet)
HPRegen  0.02/turn              (no ring)
MPRegen  0.09/turn              (no ring)

@: quick
A: no armour, no weapons or thrown items, stealth, claws 1, fangs 3, see
invisible, carnivore 3, speed 1, shaggy fur 1, slow metabolism 1, sharp paws
a: no special abilities


You were on level 1 of the Dungeon.
You were full.

You visited 1 branch of the dungeon, and saw 1 of its levels.

You collected 18 gold pieces.

Inventory:

Scrolls
 d - a scroll of teleportation {unknown}
 e - a scroll of identify {unknown}
Potions
 c - a potion of might {unknown}
 f - a potion of heal wounds {unknown}
Books
 a - a book of Maledictions
Comestibles
 b - a meat ration {@e2}


   Skills:
 + Level 2.8 Dodging
 + Level 4.1 Stealth
 + Level 1.1 Unarmed Combat
 + Level 2.1 Spellcasting
 + Level 4.5 Hexes


You had 3 spell levels left.
You knew the following spells:

 Your Spells              Type           Power        Failure   Level  Hunger
v - Corona                Hex            ###....      3%          1    #......


Dungeon Overview and Level Annotations

Branches:
Dungeon (1/15)

Altars:

Annotations:
D:1 1 exclusion


Innate Abilities, Weirdness & Mutations

You cannot wear armour.
You are incapable of wielding weapons or throwing items.
Your paws allow you to move quietly. (Stealth)
You have sharp claws.
You have razor-sharp teeth.
You have supernaturally acute eyesight. (SInv)
You are carnivorous and can eat meat at any time.
You cover ground quickly.
You are covered in fur. (AC +1)
You have a slow metabolism.
Your sharp claws are effective at attacking unaware monsters.


Message History

Welcome, mhoghedin the Felid Enchanter.
Will you be the one to retrieve the fabulous Orb of Zot from the depths?
Found a staircase leading out of the dungeon.
Unknown command.
c - a blue potion You open the door.
There is an open door here.
You open the door.
There is an open door here.
A giant cockroach and a hobgoblin come into view.
You pounce on the unaware helpless hobgoblin!
You claw the hobgoblin!
You kill the hobgoblin!
Things that are here:
a club; a hobgoblin corpse You pounce on the unaware helpless giant cockroach!
You claw the giant cockroach!
You kill the giant cockroach!
You butcher the hobgoblin corpse.
d - 3 chunks of flesh {@w0} You see here a club.
Eating one of 3 chunks of flesh {@w0}.
You eat one of the 3 chunks of flesh {@w0}.
This raw flesh tastes great.
Eating one of 2 chunks of flesh {@w0}.
You eat one of the 2 chunks of flesh {@w0}.
This raw flesh tastes great.
Eating a chunk of flesh {@w0}.
You eat the chunk of flesh {@w0}.
This raw flesh tastes great.
You see here a giant cockroach corpse.
A bat comes into view.
A bat is nearby!
You pounce on the unaware helpless bat!
You claw the bat!
You kill the bat!
You now have 10 gold pieces.
You now have 18 gold pieces (gained 8).
A frilled lizard comes into view.
A frilled lizard is nearby!
The helpless frilled lizard fails to defend itself.
You claw the frilled lizard!
You kill the frilled lizard!
No target in view!
d - a scroll labeled XUER KOXZIAMO
e - a scroll labeled QYISMU UZUETSO A rat comes into view.
A rat is nearby! 2 dart slugs come into view.
The rat twitches its whiskers.
The rat closely misses you.
Found a stone staircase leading down.
You scratch the rat but do no damage. The rat completely misses you.
You scratch the rat but do no damage. The rat barely misses you.
You closely miss the rat. You claw the rat.
You kill the rat!
No target in view!
No target in view!
Unknown command.
Unknown command.
Unknown command.
A rat comes into view.
You see here an inky potion.
You closely miss the rat. The rat closely misses you.
You closely miss the rat. The rat barely misses you.
You scratch the rat.
You kill the rat!
No target in view!
No target in view!
f - an inky potion A kobold comes into view.
The kobold shouts!
The kobold throws a stone.
The stone hits you.
You see here a stone.
You take 2 damage, and have 5/7 hp.
MASSIVE DAMAGE!!
No target in view!
No target in view!
No target in view!
No target in view!
No target in view!
The kobold throws a stone.
The stone misses you.
A rat comes into view.
You see here 8 gold pieces.
The kobold hits you.
Ouch! That really hurt!
* * * LOW HITPOINT WARNING * * *
You take 4 damage, and have 1/7 hp.
MASSIVE DAMAGE!!
You closely miss the kobold. The kobold misses you.
You scratch the kobold. The kobold hits you.
You die...

#.# ######...###.#.
#.#.#........###.#.
#.#.##..##.####..##
#.#.###..#.###..###
###.#.# ##...#.......
#..r#.# ##.###.......
#(..#.###..###..†....
#..$#................
#...@K(..............
#.....##....##.#...#.
#.....##.#.....#.#...
#.(..............#...
####.................
##.....#########..
......## ##. #.....##
## #..#..## # .#


You could see a kobold and a rat.

Vanquished Creatures
  A bat (D:1)
  A giant cockroach (D:1)
  A hobgoblin (D:1)
  A frilled lizard (D:1)
  2 rats (D:1)
6 creatures vanquished.

Notes
Turn   | Place    | Note
-------+----------+-------------------------------------------
     0 | D:1      | mhoghedin the Felid Enchanter began the quest for the Orb.
     0 | D:1      | Reached XP level 1. HP: 7/7 MP: 4/4
   160 | D:1      | HP: 1/7 [kobold (4)]
   162 | D:1      | Slain by a kobold

Vault maps used:
D:1:      evilmike_arrival_rings

Action                   || total
-------------------------++-------
Melee: Unarmed           ||    12
       Punch             ||     1
 Stab: Sleeping          ||     4
  Eat: Chunk             ||     3
Dodge: Dodged            ||     7

Table legend:
 A = Spawn XP
 B = Non-spawn XP
 C = Spawn XP percentage of total XP
 D = Spawn monster count
 E = Non-spawn monster count
 F = Spawn count percentage of total count
 G = Total turns spent on level
                    A         B        C        D         E        F      G
               +---------+---------+-------+---------+---------+-------+---------
         Total |       0 |       9 |   0.0 |       0 |       6 |   0.0 |   162
               +---------+---------+-------+---------+---------+-------+---------
           D:1 |       0 |       9 |   0.0 |       0 |       6 |   0.0 |   162
               +---------+---------+-------+---------+---------+-------+---------

Vault maps used:
D:1:      evilmike_arrival_rings

Table legend:
 A = Turns spent in this place as a percentage of turns spent in the entire game.
 B = Non-inter-level travel turns spent in this place as a percentage of non-inter-level travel turns spent in the entire game.
 C = Inter-level travel turns spent in this place as a percentage of turns spent in this place.
 D = Turns resting spent in this place as a percentage of non-inter-level travel turns spent in this place.
 E = Turns spent auto-exploring this place as a percentage of non-inter-level travel turns spent in this place.
 F = Non-inter-level travel turns spent in this place divided by the number of levels of this place that you've seen.
                   A       B       C       D       E      F
               +-------+-------+-------+-------+-------+----------------------
         Total | 100.0 | 100.0 |   0.0 |   0.0 |  56.8 | 162.0
       Dungeon | 100.0 | 100.0 |   0.0 |   0.0 |  56.8 | 162.0
               +-------+-------+-------+-------+-------+----------------------

Table legend:
 A = Kills in this place as a percentage of kills in entire the game.
 B = Kills by you in this place as a percentage of kills by you in the entire game.
 C = Kills by friends in this place as a percentage of kills by friends in the entire game.
 D = Other kills in this place as a percentage of other kills in the entire game.
 E = Experience gained in this place as a percentage of experience gained in the entire game.
 F = Experience gained in this place divided by the number of levels of this place that you have seen.
                   A       B       C       D       E      F
               +-------+-------+-------+-------+-------+----------------------
         Total | 100.0 | 100.0 |   N/A |   N/A | 100.0 |   9.0
       Dungeon | 100.0 | 100.0 |   N/A |   N/A | 100.0 |   9.0
               +-------+-------+-------+-------+-------+----------------------
